 Dungeon Crawl Stone Soup version 0.31-a0-303-gdc8c9485ea (webtiles) character file.

Game seed: 13650446226151667918

37 NinjaNoafa the Twirler (level 3, 0/21 HPs)
             Began as a Gargoyle Gladiator on July 16, 2023.
             Killed from afar by Natasha (4 damage)
             ... with a magic dart
             ... on level 2 of the Dungeon.
             The game lasted 00:02:32 (923 turns).

NinjaNoafa the Twirler (Gargoyle Gladiator)          Turns: 923, Time: 00:02:32

Health: 0/21       AC:  8    Str: 19    XL:     3   Next: 41%
Magic:  3/3        EV: 12    Int:  8    God:
Gold:   40         SH:  0    Dex: 11    Spells: 2/2 levels left

rFire   . . .        a - +0 quarterstaff
rCold   . . .        (shield currently unavailable)
rNeg    + . .        m - +0 leather armour
rPois   ∞            c - +0 helmet
rElec   +            p - scarf {repulsion}
rCorr   .            n - +0 pair of gloves
SInv    .            (no boots)
Will    .....        (no amulet)
Stlth   +            (no ring)
HPRegen 0.23/turn    (no ring)
MPRegen 0.08/turn

%: repel missiles
@: no status effects
A: sickness immunity, AC +3, negative energy resistance 1, electricity
resistance, torment resistance 1, petrification resistance
a: no special abilities


You were on level 2 of the Dungeon.
You visited 1 branch of the dungeon, and saw 2 of its levels.

You collected 40 gold pieces.

Inventory:

Hand Weapons
 a - a +0 quarterstaff (weapon)
 b - a +1 whip of venom
Missiles
 d - 3 throwing nets (quivered)
 e - a javelin
Armour
 c - a +0 helmet (worn)
 m - a +0 leather armour (worn)
 n - a +0 pair of gloves (worn)
 p - a scarf of repulsion (worn)
 q - a +0 chain mail
Scrolls
 i - a scroll of teleportation {unknown}
 j - a scroll of identify {unknown}
 l - a scroll of acquirement {unknown}
Potions
 f - a potion of curing {unknown}
 g - 2 potions of might {unknown}
 h - a potion of magic {unknown}
 k - a potion of brilliance {unknown}
 o - a potion of mutation {unknown}


   Skills:
 - Level 2.1 Fighting
 + Level 4.4 Staves
 - Level 1.7 Throwing
 - Level 2.4 Dodging


You had 2 spell levels left.
You didn't know any spells.
Your spell library was empty.

Dungeon Overview and Level Annotations

Branches:
Dungeon (2/15) Zot: 11057

Altars:

Annotations:
D:2 Natasha, Terence


Innate Abilities, Weirdness & Mutations

You are immune to sickness and miasma.
Your stone body is resilient. (AC +3)
You are immune to poison.
You resist negative energy. (rN+)
You are resistant to electric shocks. (rElec)
You are resistant to unholy torment.
You are immune to petrification.


Message History

No target in view!
No target in view!
No target in view!
No target in view!
The bat hits you but does no damage. The bat attacks as you move away!
The bat barely misses you. The bat hits you but does no damage.
The bat hits you but does no damage.
The frilled lizard hisses angrily.
The bat barely misses you.
You hit the bat.
You kill the bat!
The frilled lizard bites you.
You take 3 damage, and have 18/21 hp.
You sock the frilled lizard!
You kill the frilled lizard!
Natasha hisses angrily.
Terence shouts!
You hear a shout!
You see here a bat corpse.
You see here a +0 chain mail.
q - a +0 chain mail Terence zaps a wand.
The puff of flame hits you!
Ouch! That really hurt!
* * * LOW HITPOINT WARNING * * *
You take 12 damage, and have 7/21 hp.
MASSIVE DAMAGE!!
Unknown command.
Unknown command.
Natasha casts a spell at you. You resist with significant effort.
Terence zaps a wand.
The puff of flame hits you.
* * * LOW HITPOINT WARNING * * *
You take 3 damage, and have 4/21 hp.
Unknown command.
A goblin comes into view. It is wielding a +0 dagger.
Natasha casts a spell.
Okay, then.
The goblin unwields a +0 dagger.
The goblin wields a +0 sling.
The goblin shoots a sling bullet.
The sling bullet is repelled.
Natasha stares at you and mumbles some strange words.
The magic dart hits you.
You die...

#..........#
#...gh.....#
......5◑..#
#..@.....#
#####...#
#...†...#
#.......#
#......##
#..@...#
#......#####
#...........
###.....#####.
#....###...# #
##)#.....#.#
#.##.#######.#.
#..(...<.......
####.#.......#.


You could see Terence, Natasha, a cerulean imp (summoned) and a goblin.

Vanquished Creatures
  4 endoplasms (D:1)
  3 giant cockroaches
  3 goblins (D:1)
  6 hobgoblins
  4 kobolds
  4 ball pythons (D:1)
  2 bats (D:2)
  4 frilled lizards
  4 rats
34 creatures vanquished.

Notes
Turn   | Place    | Note
-------+----------+-------------------------------------------
     0 | D:1      | NinjaNoafa the Gargoyle Gladiator began the quest for the
                  | Orb.
     0 | D:1      | Reached XP level 1. HP: 12/12 MP: 1/1
   187 | D:1      | Reached XP level 2. HP: 17/17 MP: 2/2
   323 | D:1      | Reached skill level 4 in Staves
   443 | D:1      | Reached XP level 3. HP: 21/21 MP: 3/3
   764 | D:2      | Noticed Natasha
   834 | D:2      | Noticed Terence
   923 | D:2      | Killed from afar by Natasha

Illustrated notes

Levels and vault maps discovered:
D:1:      roderic_octagonal_star, layout_loops_ring
D:2:      layout_basic, uniq_natasha, uniq_terence

Skill      XL: |  1  2 |
---------------+-------+-----
Staves         | 4 |  4.4
Fighting       | |  2.1
Throwing       | |  1.7
Dodging        | |  2.4

Action                     || total
---------------------------++-------
  Melee: Quarterstaff      ||    94
 Armour: Leather armour    ||    73
  Dodge: Dodged            ||    75
         Repelled          ||     1

Table legend: (Time is in decaauts)
 A = Elapsed time spent in this place.
 B = Non-inter-level travel time spent in this place.
 C = Inter-level travel time spent in this place.
 D = Time resting spent in this place.
 E = Time spent auto-exploring this place.
 F = Levels seen in this place.
 G = Mean time per level.
                   A        B        C        D        E       F      G
               +--------+--------+--------+--------+--------+-----+--------+
         Total |    942 |    829 |    113 |      0 |    531 |   2 |  471.0 |
       Dungeon |    942 |    829 |    113 |      0 |    531 |   2 |  471.0 |
               +--------+--------+--------+--------+--------+-----+--------+

Top non-repeatable levels by time:
     D:1: 785 daAuts
     D:2: 156 daAuts
